 Dungeon Crawl Stone Soup version 0.19.1-1-g22dce08 (webtiles) character file.

184 empire the Chiller (level 5, -3/28 HPs)
             Began as a Deep Elf Ice Elementalist on Jan 5, 2017.
             Slain by a centaur skeleton (5 damage)
             ... on level 4 of the Dungeon.
             The game lasted 00:07:34 (3337 turns).

empire the Chiller (Deep Elf Ice Elementalist)      Turns: 3337, Time: 00:07:35

Health: -3/28      AC:  8    Str:  5    XL:     5   Next: 36%
Magic:  7/14       EV: 13    Int: 21    God:
Gold:   207        SH:  0    Dex: 15    Spells: 3 memorised, 5 levels left

rFire  . . .     SeeInvis .     b - staff of death
rCold  . . .     Gourm    .     e - +0 robe
rNeg   + . .     Faith    .     (no shield)
rPois  +         Spirit   .     (no helmet)
rElec  .         Reflect  .     (no cloak)
rCorr  .         Harm     .     (no gloves)
MR     .....                    (no boots)
Stlth  ++........               (no amulet)
                                (no ring)
                                k - ring of poison resistance

@: icy armour, slow
A: no striking features
a: no special abilities


You were on level 4 of the Dungeon.
You were very hungry.

You visited 1 branch of the dungeon, and saw 4 of its levels.

You collected 207 gold pieces.

Inventory:

Hand Weapons
 a - a +0 short sword
Armour
 e - a +0 robe (worn)
Magical Staves
 b - an uncursed staff of death (weapon)
Jewellery
 k - a ring of poison resistance (left hand)
 t - an uncursed amulet of rage {unknown}
Scrolls
 i - 3 scrolls of recharging {unknown}
 l - a scroll of enchant weapon {unknown}
 o - a scroll of fear {unknown}
 p - 3 scrolls of identify {unknown}
 q - a scroll of amnesia {unknown}
Potions
 g - a potion of beneficial mutation {unknown}
 h - a potion of brilliance {unknown}
 j - 2 potions of heal wounds {unknown}
 s - a potion of degeneration {unknown}
Books
 n - a book of Frost

   Spells                             Type                      Level
   a - Freeze                         Ice                          1
   b - Throw Frost                    Conjuration/Ice              2
   c - Ozocubu's Armour               Charms/Ice                   3
   d - Throw Icicle                   Conjuration/Ice              4
   e - Summon Ice Beast               Ice/Summoning                4
Comestibles
 c - 2 bread rations
 f - 4 fruits
 m - 2 meat rations
 r - a royal jelly


   Skills:
 - Level 2.4 Dodging
 - Level 2.4 Stealth
 + Level 4.8 Spellcasting
 + Level 2.1 Conjurations
 + Level 2.8 Charms
 + Level 4.9 Ice Magic


You had 5 spell levels left.
You knew the following spells:

 Your Spells              Type           Power        Failure   Level  Hunger
a - Freeze                Ice            ####         1%          1    None
b - Ozocubu's Armour      Chrm/Ice       ###.....     10%         3    ##.....
c - Throw Icicle          Conj/Ice       ###.....     28%         4    ####...


Dungeon Overview and Level Annotations

Branches:
Dungeon (4/15)
 Temple: D:4-7

Altars:
Hepliaklqana

Annotations:
D:3 1 runed door


Message History

Casting: Freeze
Confirm with . or Enter, or press ? or * to list all spells.
Aiming: Freeze
Press: ? - help, Shift-Dir - straight line, f/p - centaur skeleton
Aim: a centaur skeleton (moderately damaged)
You freeze the centaur skeleton.
The centaur skeleton resists.
The centaur skeleton is moderately damaged.
The centaur skeleton hits you.
* * * LOW HITPOINT WARNING * * *
The centaur skeleton hits you.
* * * LOW HITPOINT WARNING * * *
Casting: Freeze
Confirm with . or Enter, or press ? or * to list all spells.
A film of ice covers your body!
The centaur skeleton completely misses you.
The centaur skeleton barely misses you.
As you read the scroll labeled WIUTIPAUL OGEJ, it crumbles to dust.
You feel blessed for a moment.
It was a scroll of remove curse.
The centaur skeleton misses you. The centaur skeleton hits you.
You die...

### #.. #.#####.# #####
#.#.....# ## #...#
#.#.##### .# #...#
#.#Z# .# #...# #.#@#
.######...####.#.#
.'....'...'.....>######
.######...####.#......#
.# ##### #.#.####.# .#
#.#.# #.# ## #.#.# #.#
#.#.####.# #.#......#


You could see a centaur skeleton.

Vanquished Creatures
  An orc wizard (D:4)
  3 adders
  3 oozes (D:2)
  3 worms
  3 dart slugs (D:1)
  4 leopard geckos
  9 orcs
  2 ball pythons
  5 giant cockroaches
  7 goblins
  10 hobgoblins
  7 jackals (D:2)
  2 quokkas
  7 bats
  3 frilled lizards
  5 kobolds
  13 rats
87 creatures vanquished.

Notes
Turn   | Place    | Note
-------+----------+-------------------------------------------
     0 | D:1      | empire the Deep Elf Ice Elementalist began the quest for the Orb.
     0 | D:1      | Reached XP level 1. HP: 10/10 MP: 6/6
   330 | D:1      | Reached XP level 2. HP: 13/15 MP: 6/8
   617 | D:1      | Reached XP level 3. HP: 9/19 MP: 0/10
   892 | D:1      | Learned a level 3 spell: Ozocubu's Armour
  1300 | D:2      | Reached skill level 1 in Charms
  1439 | D:2      | Reached XP level 4. HP: 24/24 MP: 8/12
  1843 | D:2      | Learned a level 4 spell: Throw Icicle
  2089 | D:3      | Found a runed door.
  2107 | D:3      | Found a hazy altar of Hepliaklqana.
  2708 | D:3      | Reached XP level 5. HP: 28/28 MP: 12/14
  3337 | D:4      | Slain by a centaur skeleton

Skill      XL: |  1  2  3  4  5 |
---------------+----------------+-----
Ice Magic      | 4 |  4.9
Spellcasting   | 4 |  4.8
Charms         | 2 |  2.8
Conjurations   | 2 |  2.1
Dodging        | |  2.4
Stealth        | |  2.4

Action                   |  1- 3 |  4- 6 || total
-------------------------+-------+-------++-------
Melee: Unarmed           |     1 |       ||     1
       Dagger            |     7 |     1 ||     8
       Staff             |       |    23 ||    23
 Cast: Freeze            |    58 |    69 ||   127
       Ozocubu's Armour  |       |     2 ||     2
  Use: Scroll            |       |     1 ||     1
 Stab: Sleeping          |       |     2 ||     2
  Eat: Chunk             |     1 |     5 ||     6
Armor: Robe              |     9 |    11 ||    20
Dodge: Dodged            |    27 |    55 ||    82
